 Dungeon Crawl Stone Soup version 0.27-a0-1144-g0b7d3b79db (webtiles) character file.

Game seed: 3410128762476640770

3369 tilp the Frost Mage (level 9, -4/63 (71) HPs)
             Began as a Demigod Ice Elementalist on May 10, 2021.
             Slain by a wight
             ... wielding a +0 short sword
              (9 damage)
             ... on level 8 of the Dungeon.
             The game lasted 00:20:24 (10349 turns).

tilp the Frost Mage (Demigod Ice Elementalist)     Turns: 10349, Time: 00:20:25

HP:   -4/63 (71)    AC: 10    Str: 13    XL:     9   Next: 45%
MP:   12/20         EV: 12    Int: 25    God:
Gold: 387           SH:  0    Dex: 14    Spells: 4/18 levels left

rFire    . . .     SeeInvis .   b - +3 flail
rCold    . . .     Faith    .   (no shield)
rNeg     . . .     Spirit   .   g - +0 ring mail
rPois    +         Reflect  .   (no helmet)
rElec    .         Harm     .   (no cloak)
rCorr    .         Rampage  .   (no gloves)
Will     +....                  (no boots)
Stlth    ++........             (no amulet)
HPRegen  0.20/turn              j - ring of poison resistance
MPRegen  0.17/turn              n - ring of willpower

@: ice-armoured, heavily drained
A: high mp 1, forlorn
a: no special abilities


You were on level 8 of the Dungeon.
You visited 1 branch of the dungeon, and saw 8 of its levels.

You collected 387 gold pieces.

Inventory:

Hand Weapons
 a - a +0 dagger
 b - a +3 flail (weapon)
 i - a +1 antimagic spear
Missiles
 k - 8 boomerangs
 l - 58 poisoned darts (quivered)
Armour
 d - a +1 robe
 g - a +0 ring mail (worn)
 o - a +0 leather armour
 v - a +1 scale mail of willpower
Jewellery
 f - a ring of fire
 j - a ring of poison resistance (left hand)
 n - a ring of willpower (right hand)
 p - a +4 ring of evasion
 r - a +4 ring of evasion
Wands
 s - a wand of flame (18)
 t - a wand of charming (3)
 u - a wand of iceblast (11)
Scrolls
 h - a scroll of blinking
 w - 4 scrolls of magic mapping
 y - a scroll of silence {unknown}
 z - a scroll of enchant weapon {unknown}
Potions
 c - a potion of resistance
 e - a potion of cancellation
 m - a potion of curing
 q - a potion of ambrosia
 x - a potion of heal wounds {unknown}


   Skills:
 - Level 4.0 Fighting
 - Level 4.0 Dodging
 - Level 4.0 Stealth
 + Level 5.1 Spellcasting
 + Level 3.1 Conjurations
 + Level 8.7 Ice Magic
 - Level 4.0 Evocations


You had 4 spell levels left.
You knew the following spells:

 Your Spells              Type           Power      Damage    Failure   Level
a - Freeze                Ice            100%       1d11      1%          1
b - Frozen Ramparts       Ice            100%       1d12      1%          3
c - Ozocubu's Armour      Ice            50%        N/A       1%          3
d - Hailstorm             Conj/Ice       36%        3d9       16%         4
e - Animate Skeleton      Necr           12%        N/A       19%         1
f - Apportation           Tloc           12%        N/A       19%         1
g - Corona                Hex            6%         N/A       19%         1

Your spell library contained the following spells:

 Spells                   Type           Power      Damage    Failure   Level
 Summon Small Mammal      Summ           24%        N/A       19%         1
 Metabolic Englaciation   Hex/Ice        14%        N/A       63%         5


Dungeon Overview and Level Annotations

Branches:
Dungeon (8/15)             Temple (0/1) D:7
   Lair: D:8-11

Shops:
D:2 :

Annotations:
D:3 exclusions: 2 yaks and 1 more exclusion
D:7 Prince Ribbit


Innate Abilities, Weirdness & Mutations

Your attributes grow dramatically as you level up.
You have an increased reservoir of magic. (+10% MP)
You shall have no god before yourself.


Message History

Unknown command.
You hit the wight but do no damage.
The wight is heavily damaged.
The wight hits you with a +5 great sword!
* * * LOW HITPOINT WARNING * * *
You feel drained.
* * * LOW HITPOINT WARNING * * *
Unknown command.
You hit the wight.
The wight is severely damaged.
The wight hits you but does no damage.
The wight hits you with a +5 great sword.
* * * LOW HITPOINT WARNING * * *
Unknown command.
You hit the wight.
The wight is almost destroyed.
The wight barely misses you.
Unknown command.
You thump the wight!
You destroy the wight!
The wight hits you but does no damage.
Unknown command.
You hit the wight.
The wight is almost destroyed.
The wight hits you with a +0 short sword.
* * * LOW HITPOINT WARNING * * *
You feel drained.
Unknown command.
You hit the wight but do no damage.
The wight is almost destroyed.
The wight hits you with a +0 short sword.
* * * LOW HITPOINT WARNING * * *
You feel drained.
* * * LOW HITPOINT WARNING * * *
Unknown command.
You barely miss the wight.
The wight is almost destroyed.
The wight misses you.
The wight hits you with a +0 short sword!
You die...

####..#..........
#..#..#.........#####
#..#........#.>(.....
#..#.......##....# #
.......##..##..#.###..#
.#.###.>..............#
.................###..
.#.#######.###...# .#.#
#.# ###@# #..# #.#
##z## .## #.# #...# ..
#......#.....# # #
######. .##.## .. ## #
... ...... ......##


You could see a wight.

Vanquished Creatures
  Sigmund (D:6)
  A yak (D:8)
  Eustachio (D:4)
  A water moccasin (D:7)
  An orc warrior (D:8)
  3 black bears
  2 sky beasts
  4 ogres
  2 phantoms (D:4)
  2 kobold brigands
  5 bullfrogs
  2 scorpions
  A water moccasin skeleton (D:5)
  4 killer bees (D:8)
  2 howler monkeys
  5 wights
  A gnoll shaman (D:6)
  2 hounds
  2 jellies (D:7)
  2 bullfrog skeletons
  A centaur skeleton (D:7)
  2 orc wizards (D:8)
  4 iguanas
  Ijyb (D:5)
  A hound skeleton (D:5)
  A howler monkey skeleton (D:7)
  9 adders
  8 gnolls (D:6)
  A white imp (D:8)
  A worm (D:2)
  A dart slug (D:2)
  15 orcs
  3 bats
  8 endoplasms
  7 giant cockroaches
  3 goblins
  4 hobgoblins
  10 jackals
  7 quokkas
  11 ball pythons
  2 frilled lizards (D:2)
  A jackal skeleton (D:4)
  6 kobolds
  3 rats (D:1)
154 creatures vanquished.

Vanquished Creatures (others)
  4 fungi (D:8)
  6 plants (D:8)
10 creatures vanquished.

Grand Total: 164 creatures vanquished

Notes
Turn   | Place    | Note
-------+----------+-------------------------------------------
     0 | D:1      | tilp the Demigod Ice Elementalist began the quest for the
                  | Orb.
     0 | D:1      | Reached XP level 1. HP: 14/14 MP: 5/5
   545 | D:1      | Reached skill level 4 in Ice Magic
   545 | D:1      | Reached XP level 2. HP: 20/20 MP: 5/7
  1105 | D:2      | Reached skill level 1 in Fighting
  1405 | D:2      | Reached XP level 3. HP: 19/28 MP: 2/8
  1765 | D:2      | Found Efyot's Book Shoppe.
  1804 | D:2      | Learned a level 3 spell: Ozocubu's Armour
  2423 | D:3      | Noticed an orc warrior
  2637 | D:3      | Noticed a yak
  2875 | D:3      | Noticed a yak
  3018 | D:4      | Noticed a phantom
  3140 | D:4      | Noticed a phantom
  3176 | D:3      | Reached XP level 4. HP: 32/36 MP: 8/10
  3441 | D:4      | Noticed an ogre
  3558 | D:4      | Noticed Eustachio
  3564 | D:4      | Learned a level 3 spell: Frozen Ramparts
  3576 | D:4      | Killed Eustachio
  3577 | D:4      | Reached skill level 5 in Ice Magic
  3577 | D:4      | Reached XP level 5. HP: 14/41 MP: 0/12
  3682 | D:4      | Reached XP level 6. HP: 15/48 MP: 7/13
  3696 | D:3      | Noticed a yak
  3724 | D:4      | HP: 1/48 [phantom (4)]
  3903 | D:4      | Reached skill level 6 in Ice Magic
  4721 | D:4      | Reached XP level 7. HP: 55/55 MP: 16/16
  4764 | D:4      | Noticed an angel
  4921 | D:5      | Entered Level 5 of the Dungeon
  5278 | D:5      | Noticed Ijyb
  5287 | D:5      | Killed Ijyb
  5531 | D:5      | Reached skill level 7 in Ice Magic
  5825 | D:5      | Reached skill level 8 in Ice Magic
  6471 | D:6      | Noticed Sigmund
  6598 | D:6      | Reached XP level 8. HP: 45/62 MP: 9/17
  7113 | D:6      | Learned a level 4 spell: Hailstorm
  7115 | D:6      | Learned a level 1 spell: Animate Skeleton
  7117 | D:6      | Learned a level 1 spell: Apportation
  7119 | D:6      | Learned a level 1 spell: Corona
  7570 | D:6      | Killed Sigmund
  8235 | D:7      | Noticed Prince Ribbit
  9008 | D:7      | Found a staircase to the Ecumenical Temple.
  9258 | D:7      | Reached XP level 9. HP: 60/71 MP: 18/18
  9454 | D:8      | Reached skill level 1 in Conjurations
 10166 | D:8      | Reached skill level 5 in Spellcasting
 10349 | D:8      | Slain by a wight

Illustrated notes

Levels and vault maps discovered:
D:1:      minmay_arrival_stair_chambers, layout_loops_ring,
          shapermc_ecumenical_altar_mp_urbaneastern
D:2:      layout_basic, serial_shops, shop, minivault_24
D:3:      layout_rooms, nicolae_hepliaklqana_monster_ancestors,
          wander_ebering_terrifying_dragon_lair, uniq_crazy_yiuf_cottage
D:4:      layout_loops_corners, zin_angel, gup_sewer_entry_pipe, uniq_eustachio
D:5:      minmay_spotlight, layout_gridville, lemuel_round_altar,
          grunt_temple_overflow_open, uniq_ijyb
D:6:      layout_gridville, uniq_sigmund
D:7:      layout_rooms, nicolae_wu_jian_wuxing_cycle,
          minmay_temple_entry_nine_rooms, uniq_prince_ribbit1
D:8:      layout_loops_ring, lemuel_coloured_pillars_altar, trog_wizard,
          grunt_lair_entry_orc_guard_hut, hangedman_abyss_or_decor_stagger

Skill      XL: |  1  2  3  4  5  6  7  8  9 |
---------------+----------------------------+-----
Spellcasting   | 2 3 4 5 |  5.1
Ice Magic      | 4 5 6 8 |  8.7
Stealth        | 2 4 |  4.0
Fighting       | 1 2 4 |  4.0
Dodging        | 2 4 |  4.0
Evocations     | 4 |  4.0
Conjurations   | 3 |  3.1

Action                   |  1- 3 |  4- 6 |  7- 9 || total
-------------------------+-------+-------+-------++-------
Melee: Unarmed           |     4 |       |       ||     4
       Dagger            |    18 |    15 |       ||    33
       Flail             |       |    38 |   108 ||   146
Throw: Dart              |       |     3 |    58 ||    61
       Boomerang         |       |       |     2 ||     2
 Cast: Freeze            |    76 |    38 |    78 ||   192
       Ozocubu's Armour  |     2 |     7 |    30 ||    39
       Frozen Ramparts   |       |     5 |    26 ||    31
       Corona            |       |       |     2 ||     2
       Hailstorm         |       |       |     4 ||     4
Evoke: Wand              |       |       |     2 ||     2
  Use: Scroll            |     4 |       |     5 ||     9
       Potion            |       |     1 |       ||     1
 Stab: Sleeping          |     5 |       |     1 ||     6
Armor: Robe              |    16 |    15 |    16 ||    47
       Ring mail         |       |       |    50 ||    50
Dodge: Dodged            |    56 |    46 |   111 ||   213

Table legend: (Time is in decaauts)
 A = Elapsed time spent in this place.
 B = Non-inter-level travel time spent in this place.
 C = Inter-level travel time spent in this place.
 D = Time resting spent in this place.
 E = Time spent auto-exploring this place.
 F = Levels seen in this place.
 G = Mean time per level.
                   A        B        C        D        E       F      G
               +--------+--------+--------+--------+--------+-----+--------+
         Total |  10413 |   9672 |    741 |   2191 |   5626 |   8 | 1301.6 |
       Dungeon |  10413 |   9672 |    741 |   2191 |   5626 |   8 | 1301.6 |
               +--------+--------+--------+--------+--------+-----+--------+

Top non-repeatable levels by time:
     D:4: 1721 daAuts
     D:6: 1683 daAuts
     D:2: 1536 daAuts
     D:5: 1499 daAuts
     D:7: 1193 daAuts
     D:1: 947 daAuts
     D:8: 935 daAuts
     D:3: 895 daAuts
